 Dungeon Crawl Stone Soup version 0.19.4 (webtiles) character file.

14759 dngmouse the Severer (level 11, -12/100 HPs)
             Began as a Deep Dwarf Fighter on Feb 5, 2017.
             Was a High Priest of Makhleb.
             Mangled by a tentacled starspawn (23 damage)
             ... on level 2 of the Abyss.
             The game lasted 00:54:53 (8487 turns).

dngmouse the Severer (Deep Dwarf Fighter)           Turns: 8487, Time: 00:54:54

Health: -12/100    AC: 18    Str: 20    XL:     11   Next: 92%
Magic:  13/13      EV: 10    Int:  9    God:    Makhleb [*****.]
Gold:   145        SH:  0    Dex: 17    Spells: 0 memorised, 10 levels left

rFire  . . .     SeeInvis +     a - +1 executioner's axe
rCold  . . .     Gourm    .     o - +0 plate armour
rNeg   . . .     Faith    .     (shield currently unavailable)
rPois  .         Spirit   .     p - +1 hat
rElec  .         Reflect  .     G - +2 cloak
rCorr  .         Harm     .     k - +0 pair of gloves
MR     +....                    x - +0 pair of boots
Stlth  ..........               L - amulet of rage
                                A - +3 ring of protection
                                m - ring of see invisible

@: about to teleport, non-regenerating, diseased
A: damage resistance, recharge devices, beak, thin skeletal structure 1,
deformed body, sense surroundings 2, slow regeneration 3
a: Device Recharging, Minor Destruction, Lesser Servant of Makhleb, Major
Destruction, Greater Servant of Makhleb, Renounce Religion, Evoke Berserk Rage


You were on level 2 of the Abyss.
You worshipped Makhleb.
Makhleb was extremely pleased with you.
You were hungry.

You visited 2 branches of the dungeon, and saw 12 of its levels.
You visited the Abyss 1 time.

You collected 635 gold pieces.
You spent 490 gold pieces at shops.

Inventory:

Hand Weapons
 a - a +1 executioner's axe (weapon)
 b - the +4 hand axe "Beastslayer" {flame, Fragile +Rage rC+ Dex+4}
   (You found it on level 6 of the Dungeon)

   It has been specially enchanted to burn those struck by it, causing extra
   injury to most foes and up to half again as much damage against particularly
   susceptible opponents.
   Big, fiery blades are also staple armaments of hydra-hunters.
   It affects your dexterity (+4).
   It protects you from cold.
   It lets you go berserk.
   It will be destroyed if unequipped.
 c - a +1 war axe
Missiles
 O - 3 throwing nets (quivered)
Armour
 g - a +2 large shield
 k - a +0 pair of gloves (worn)
 o - a +0 plate armour (worn)
 p - a +1 hat (worn)
 x - a +0 pair of boots (worn)
 B - a +0 shield
 G - a +2 cloak (worn)
Jewellery
 m - a ring of see invisible (left hand)
 z - an uncursed ring of protection from cold
 A - a +3 ring of protection (right hand)
 C - an uncursed ring of fire
 L - an amulet of rage (around neck)
 N - an uncursed ring of positive energy {unknown}
Wands
 e - a wand of heal wounds (1/9)
 j - a wand of disintegration (13/24)
 r - a wand of iceblast (0/15)
 t - a wand of slowing (0/48)
 v - a wand of flame (1/48)
 y - a wand of lightning (2/15)
 D - a wand of digging (10/24)
Scrolls
 h - 2 scrolls of amnesia
 i - 7 scrolls of identify
 l - 5 scrolls of teleportation
 q - a scroll of fog
 s - 3 scrolls of remove curse
Potions
 d - 2 potions of might
 u - 2 potions of magic
 w - 3 potions of curing
 E - a potion of heal wounds
 F - 3 potions of agility
 H - a potion of haste
 J - a potion of beneficial mutation
Books
 I - a book of Geomancy

   Spells                             Type                      Level
   a - Sandblast                      Earth                        1
   b - Passwall                       Transmutation/Earth          2
   c - Stone Arrow                    Conjuration/Earth            3
   d - Petrify                        Transmutation/Earth          4
   e - Lee's Rapid Deconstruction     Earth                        5
Comestibles
 f - 11 bread rations
 n - 5 meat rations
 M - 2 beef jerkies


   Skills:
 + Level 7.4 Fighting
 * Level 15.7 Axes
 + Level 8.3 Armour
 + Level 6.5 Dodging
 - Level 3.2 Shields
 - Level 4.0 Evocations


You had 10 spell levels left.
You didn't know any spells.

Dungeon Overview and Level Annotations

Branches:
Dungeon (11/15)            Temple (1/1) D:4            Lair (0/6) D:10
    Orc (0/2) D:10

Altars:
Ashenzari
Cheibriados
Dithmenos
Elyvilon
Fedhas
Gozag
Hepliaklqana
Kikubaaqudgha
Makhleb
Nemelex Xobeh
Okawaru
Qazlal
Ru
Sif Muna
Trog
Uskayaw
Vehumet
Xom
Yredelemnul
Zin
The Shining One

Shops:
D:10 !

Annotations:
D:11 Sonja


Innate Abilities, Weirdness & Mutations

You are resistant to damage.
You can recharge devices by infusing magical energy.
You passively map the area around you.
You do not regenerate.
You have a beak for a mouth.
You have a somewhat thin skeletal structure. (Dex +2, Stealth)
Armour fits poorly on your strangely shaped body.


Message History

You peck the large abomination, but do no damage.
The large abomination is severely damaged.
The large abomination closely misses you.
You feel ill.
You barely miss the large abomination.
The large abomination is severely damaged.
The large abomination hits you!!
* * * LOW HITPOINT WARNING * * *
The starspawn tentacle grabs you. The starspawn tentacle constricts you.
A neqoxec comes into view.
As you read the scroll of teleportation, it crumbles to dust.
You feel strangely unstable.
You feel the power of the Abyss delaying your translocation!
The starspawn tentacle loses its grip on you.
The tentacle pulls you backwards!
The large abomination hits you but does no damage.
The starspawn tentacle completely misses you.
Found a scroll of recharging.
The tentacled starspawn bites you!!
You die...

..##..##..##.. .
.3.... ..... ..
..../..... .. #.
#..##..# ..#
#..##..##x.##..#
#
................
###.........#
≈≈≈.
#....X#X.#.#.# .
.## ######@.##.#
..# #. #..#...#
##.## .. .
#...##.#.##.#..
## . ##..
#...#..# ... ...
###..# #. # .#.#
# .### .## .#
.#.# # #. . ## .
. ## # # #
###..#. .## .
#..... .


You could see a tentacled starspawn, an ancient zyme, a large abomination and a
neqoxec.

Vanquished Creatures
  Harold (D:11)
  An unseen horror (D:11)
  The ghost of mrmercer the Poker, a novice HOFi of Trog (D:5)
  5 hill giants
  A smoke demon (Abyss:2)
  A troll (D:9)
  A two-headed ogre (D:8)
  The ghost of bosm the Bolt Thrower, an amateur KoHu (D:4)
  3 hippogriffs
  A spriggan (D:9)
  Sigmund (D:5)
  11 yaks
  2 wyverns
  Eustachio (D:6)
  A hungry ghost (D:9)
  A steam dragon (D:10)
  2 water moccasins
  8 orc warriors
  6 ice beasts
  3 black bears
  4 sky beasts
  A hornet zombie (D:9)
  An ogre (D:4)
  3 necrophages
  6 centaurs
  4 phantoms
  A crocodile (D:10)
  A big kobold (D:4)
  4 bullfrogs
  A gnoll sergeant (D:7)
  A water moccasin zombie (D:9)
  7 scorpions
  8 killer bees
  8 wights
  3 crimson imps
  4 howler monkeys
  2 quasits
  5 orc priests
  4 jellies
  3 bullfrog skeletons
  3 centaur skeletons
  2 gnoll shamans
  7 hounds
  7 orc wizards
  2 iguanas (D:9)
  8 worker ants
  A killer bee zombie (D:9)
  3 mummies (D:9)
  A hound skeleton (D:8)
  A howler monkey zombie (D:9)
  2 worker ant zombies
  11 adders
  10 gnolls
  4 river rats (D:10)
  A shadow imp (D:8)
  2 oozes
  3 adder skeletons
  An adder zombie (D:9)
  2 worms
  2 dart slugs (D:1)
  7 leopard geckos
  37 orcs
  2 ball pythons
  17 bats
  5 giant cockroaches
  6 hobgoblins
  7 jackals
  6 quokkas
  3 frilled lizards
  A giant cockroach zombie (D:5)
  4 goblins
  8 kobolds
  A leopard gecko zombie (D:7)
  A quokka skeleton (D:9)
  14 rats
  4 fungi
  2 plants
321 creatures vanquished.

Vanquished Creatures (others)
  A fungus (D:5)
  2 starspawn tentacles (Abyss:2)
  4 toadstools (D:1)
7 creatures vanquished.

Grand Total: 328 creatures vanquished

Notes
Turn   | Place    | Note
-------+----------+-------------------------------------------
     0 | D:1      | dngmouse the Deep Dwarf Fighter began the quest for the Orb.
     0 | D:1      | Reached XP level 1. HP: 20/20 MP: 1/1
   263 | D:1      | Reached XP level 2. HP: 22/28 MP: 2/2
   697 | D:2      | Reached skill level 3 in Axes
   716 | D:2      | Reached XP level 3. HP: 19/34 MP: 3/3
   790 | D:2      | Found a hazy altar of Hepliaklqana.
   859 | D:2      | Found an opulent altar of Gozag.
  1227 | D:2      | Reached XP level 4. HP: 16/44 MP: 4/4
  1457 | D:3      | Found a deep blue altar of Sif Muna.
  1648 | D:3      | Reached skill level 4 in Axes
  1866 | D:4      | Reached XP level 5. HP: 31/50 MP: 5/5
  1926 | D:4      | Noticed bosm's ghost (amateur KoHu)
  1947 | D:4      | Killed bosm's ghost
  1947 | D:4      | Reached skill level 6 in Axes
  1947 | D:4      | Reached XP level 6. HP: 44/57 MP: 6/6
  2255 | D:4      | Reached skill level 7 in Axes
  2284 | D:4      | Found a staircase to the Ecumenical Temple.
  2289 | Temple   | Entered the Ecumenical Temple
  2402 | Temple   | Became a worshipper of Makhleb the Destroyer
  2721 | D:4      | Reached XP level 7. HP: 23/64 MP: 7/7
  3075 | D:5      | Entered Level 5 of the Dungeon
  3138 | D:4      | Reached skill level 8 in Axes
  3295 | D:5      | Noticed Sigmund
  3407 | D:5      | Killed Sigmund
  3407 | D:5      | Reached skill level 9 in Axes
  3502 | D:5      | Noticed mrmercer's ghost (novice HOFi)
  3505 | D:5      | Reached * piety under Makhleb
  3525 | D:5      | Killed mrmercer's ghost
  3525 | D:5      | Reached skill level 10 in Axes
  3525 | D:5      | Reached XP level 8. HP: 23/72 MP: 8/8
  3593 | D:5      | Reached skill level 11 in Axes
  3890 | D:6      | Noticed Eustachio
  3920 | D:6      | Killed Eustachio
  3923 | D:6      | Got a warped hand axe
  3932 | D:6      | Identified the +4 hand axe "Beastslayer" {flame, Fragile +Rage rC+ Dex+4} (You found it on level 6 of the Dungeon)
  3941 | D:6      | Reached skill level 12 in Axes
  4042 | D:6      | Gained mutation: You passively map the area around you. [Deep Dwarf growth]
  4042 | D:6      | Reached XP level 9. HP: 39/78 MP: 9/9
  4181 | D:6      | Reached skill level 1 in Dodging
  4282 | D:6      | Found a bloodstained altar of Trog.
  4621 | D:7      | Reached skill level 13 in Axes
  4788 | D:7      | Reached skill level 1 in Evocations
  4789 | D:7      | Reached ** piety under Makhleb
  5043 | D:7      | Reached skill level 5 in Fighting
  5399 | D:7      | Noticed a hill giant
  5406 | D:7      | Killed a hill giant
  5406 | D:7      | Reached skill level 5 in Armour
  5406 | D:7      | Reached XP level 10. HP: 78/88 MP: 11/11
  5680 | D:8      | Found an ancient bone altar of Kikubaaqudgha.
  5708 | D:8      | Gained mutation: You have a somewhat thin skeletal structure. (Dex +2, Stealth) [potion of mutation]
  5708 | D:8      | Gained mutation: Armour fits poorly on your strangely shaped body. [potion of mutation]
  5708 | D:8      | Gained mutation: You have a beak for a mouth. [potion of mutation]
  5889 | D:8      | Noticed a hand axe
  5890 | D:8      | Noticed a dagger
  5893 | D:8      | Found a hide-covered altar of Uskayaw.
  6215 | D:8      | Reached *** piety under Makhleb
  6294 | D:9      | Reached skill level 14 in Axes
  6549 | D:9      | Found an iron altar of Okawaru.
  6550 | D:9      | Found a snail-covered altar of Cheibriados.
  6551 | D:9      | Found a sacrificial altar of Ru.
  6608 | D:9      | Reached skill level 5 in Dodging
  6837 | D:9      | Reached XP level 11. HP: 92/98 MP: 12/12
  7055 | D:10     | Entered Level 10 of the Dungeon
  7055 | D:10     | Noticed a hill giant
  7059 | D:10     | Reached **** piety under Makhleb
  7071 | D:9      | Killed a hill giant
  7087 | D:10     | Noticed a hill giant
  7096 | D:10     | Killed a hill giant
  7193 | D:10     | Reached skill level 15 in Axes
  7234 | D:10     | Found a staircase to the Lair.
  7402 | D:10     | Noticed a hill giant
  7404 | D:10     | Found a staircase to the Orcish Mines.
  7422 | D:10     | Killed a hill giant
  7549 | D:10     | Found Kucluama's Distillery.
  7557 | D:10     | Bought a potion of beneficial mutation for 490 gold pieces
  7938 | D:11     | Reached ***** piety under Makhleb
  8081 | D:11     | Found a radiant altar of Vehumet.
  8109 | D:11     | Noticed an unseen horror
  8128 | D:11     | Killed an unseen horror
  8151 | D:11     | Noticed Harold
  8169 | D:11     | Killed Harold
  8224 | D:11     | Noticed a hill giant
  8233 | D:11     | Killed a hill giant
  8242 | D:11     | Noticed Sonja
  8325 | D:11     | Cast into level 2 of the Abyss (Sonja)
  8458 | Abyss:2  | Noticed a tentacled starspawn
  8487 | Abyss:2  | Mangled by a tentacled starspawn

Skill      XL: |  1  2  3  4  5  6  7  8  9 10 11 |
---------------+----------------------------------+-----
Fighting       | 3 4 5 6 7 |  7.4
Axes           | 3 4 6 7 10 12 13 14 15 | 15.7
Dodging        | 3 5 6 |  6.5
Armour         | 5 6 8 |  8.3
Evocations     | 2 4 |  4.0
Shields        | |  3.2

Action                   |  1- 3 |  4- 6 |  7- 9 | 10-12 || total
-------------------------+-------+-------+-------+-------++-------
Melee: War axe           |   164 |   142 |   166 |       ||   472
       Executioner's axe |       |       |   244 |   542 ||   786
       Peck              |       |       |       |   128 ||   128
 Abil: Device Recharging |       |       |       |     1 ||     1
Evoke: Wand              |       |     1 |    14 |    23 ||    38
  Use: Scroll            |     4 |       |     9 |     5 ||    18
       Potion            |       |     3 |     7 |     9 ||    19
 Stab: Invisible         |       |       |     3 |       ||     3
  Eat: Chunk             |     1 |     4 |    12 |    14 ||    31
Armor: Scale mail        |    16 |       |       |       ||    16
       Chain mail        |    34 |       |       |       ||    34
       Plate armour      |    48 |    71 |   379 |   475 ||   973
       Skin              |       |    12 |       |       ||    12
Dodge: Dodged            |    39 |    11 |   139 |   325 ||   514
Block: Large shield      |    14 |       |       |       ||    14
       Shield            |    84 |    58 |    60 |       ||   202
